 Dungeon Crawl Stone Soup version 0.19.4-9-g45fd643 (webtiles) character file.

77 oplop the Chiller (level 4, -4/28 HPs)
             Began as an Octopode Ice Elementalist on Feb 20, 2017.
             Slain by a gnoll
             ... wielding a +0 club
              (11 damage)
             ... on level 2 of the Dungeon.
             The game lasted 00:03:29 (2018 turns).

oplop the Chiller (Octopode Ice Elementalist)       Turns: 2018, Time: 00:03:30

Health: -4/28      AC:  1    Str:  7    XL:     4   Next: 33%
Magic:  8/8        EV: 13    Int: 18    God:
Gold:   63         SH:  0    Dex: 12    Spells: 1 memorised, 7 levels left

rFire  . . .     SeeInvis .     c - +0 dagger
rCold  . . .     Gourm    .     (no shield)
rNeg   . . .     Faith    .     (helmet restricted)
rPois  .         Spirit   .     (no amulet)
rElec  .         Reflect  .     (no ring)
rCorr  .         Harm     .     (no ring)
MR     .....                    (no ring)
Stlth  +++.......               (no ring)
                                (no ring)
                                (no ring)
                                (no ring)
                                (no ring)

@: no status effects
A: almost no armour, stealthy swim, amphibious, 8 rings, constrict 8, camouflage
1, gelatinous body 1
a: no special abilities


You were on level 2 of the Dungeon.
You were not hungry.

You visited 1 branch of the dungeon, and saw 2 of its levels.

You collected 63 gold pieces.

Inventory:

Hand Weapons
 c - a +0 dagger (weapon)
Scrolls
 d - a scroll of remove curse {unknown}
 e - a scroll of identify {unknown}
 h - a scroll of teleportation {unknown}
 i - a scroll of random uselessness {unknown}
Books
 a - a book of Frost

   Spells                             Type                      Level
   a - Freeze                         Ice                          1
   b - Throw Frost                    Conjuration/Ice              2
   c - Ozocubu's Armour               Charms/Ice                   3
   d - Throw Icicle                   Conjuration/Ice              4
   e - Summon Ice Beast               Ice/Summoning                4
Comestibles
 b - a bread ration
 f - 4 fruits
 j - a chunk of flesh


   Skills:
 + Level 1.4 Fighting
 - Level 2.0 Dodging
 - Level 2.6 Stealth
 + Level 2.6 Spellcasting
   Level 1.0 Conjurations
 * Level 4.2 Ice Magic


You had 7 spell levels left.
You knew the following spells:

 Your Spells              Type           Power        Failure   Level  Hunger
a - Freeze                Ice            ###.         3%          1    #......


Dungeon Overview and Level Annotations

Branches:
Dungeon (2/15)

Altars:


Innate Abilities, Weirdness & Mutations

You cannot wear most types of armour.
You are very stealthy in the water. (Stealth+)
You are amphibious.
You can wear up to eight rings at the same time.
You can use your tentacles to constrict eight enemies at once.
Your skin changes colour to match your surroundings (Stealth+).
Your rubbery body absorbs attacks. (AC +1, EV +1)


Message History

Casting: Freeze
Confirm with . or Enter, or press ? or * to list all spells.
Aiming: Freeze
Press: ? - help, Shift-Dir - straight line, f - gnoll
Aim: a gnoll, wielding a club You freeze the gnoll.
The gnoll is moderately wounded.
The gnoll hits you with a club!
* * * LOW HITPOINT WARNING * * *
It was a potion of ambrosia.
You are confused.
You feel invigorated. The gnoll misses you. The gnoll hits you with a club!
* * * LOW HITPOINT WARNING * * *
The rat bites you.
* * * LOW HITPOINT WARNING * * *
You bump into the rock wall.
You feel less invigorated.
You feel less confused. The gnoll hits you with a club!
You die...

#.######+##.#
###.#. #.# . #.#
#...#. ######.#
.#.# #...#.
#......# .#.##
#...## #.######
...# #...'< #.#
#..# #...## #.#
#..# #...#.
#.##############r.#
#####.
#..............@gg#
#<
####..........###b#
#. #)..^......#
#.#+#+### ##'
#..........#
#bg.g.... #..
#..........#
#........ #..
#..........#
#........ #..
#..........#
#$....... #..
#..........#
#........ #..
#..........#
#........ #..


You could see 2 gnolls, a bat and a rat.

Vanquished Creatures
  2 gnolls
  An ooze (D:1)
  A worm (D:2)
  2 dart slugs
  A leopard gecko (D:1)
  4 bats
  2 giant cockroaches (D:1)
  2 goblins (D:2)
  8 hobgoblins
  6 jackals (D:1)
  4 kobolds
  A ball python (D:2)
  3 frilled lizards
  6 rats
43 creatures vanquished.

Notes
Turn   | Place    | Note
-------+----------+-------------------------------------------
     0 | D:1      | oplop the Octopode Ice Elementalist began the quest for the Orb.
     0 | D:1      | Reached XP level 1. HP: 11/11 MP: 3/3
    95 | D:1      | Reached XP level 2. HP: 18/18 MP: 1/5
   678 | D:1      | Reached XP level 3. HP: 22/22 MP: 1/6
   689 | D:1      | Reached skill level 1 in Fighting
  1548 | D:2      | Reached skill level 4 in Ice Magic
  1561 | D:2      | Reached XP level 4. HP: 19/28 MP: 2/7
  2018 | D:2      | Slain by a gnoll

Skill      XL: |  1  2  3 |
---------------+----------+-----
Fighting       | 1 |  1.4
Ice Magic      | 4 |  4.2
Dodging        | |  2.0
Stealth        | |  2.6
Spellcasting   | |  2.6
Conjurations   | |  1.0

Action                   |  1- 3 |  4- 6 || total
-------------------------+-------+-------++-------
Melee: Unarmed           |     9 |       ||     9
       Constrict         |    15 |     3 ||    18
       Tentacles         |    14 |     3 ||    17
       Dagger            |    62 |    18 ||    80
 Cast: Freeze            |    17 |     5 ||    22
  Use: Potion            |       |     1 ||     1
 Stab: Sleeping          |     9 |     2 ||    11
       Distracted        |     1 |       ||     1
  Eat: Chunk             |     2 |     2 ||     4
Armor: Skin              |    11 |     2 ||    13
Dodge: Dodged            |    66 |    13 ||    79
